 Dungeon Crawl Stone Soup version 0.31-a0-1620-gcbf77bbcfc (webtiles) character file.

Game seed: 9458610110259706085

192833 Flugslaktarn the Warrior (level 17, -6/135 (171) HPs)
             Began as a Minotaur Fighter on Jan 11, 2024.
             Was a High Priest of Okawaru.
             Killed from afar by a deep elf death mage (31 damage)
             ... with a bolt of negative energy
             ... while paralysed by a dread lich
             ... on level 1 of the Depths.
             The game lasted 00:16:26 (27351 turns).

Flugslaktarn the Warrior (Minotaur Fighter)        Turns: 27351, Time: 00:16:27

HP:   -6/135 (171)  AC: 57    Str: 31    XL:     17   Next: 7%
MP:   25/25         EV:  2    Int:  5    God:    Okawaru [*****.]
Gold: 1457          SH:  0    Dex: 13    Spells: 16/16 levels left

rFire   . . .        a - +6 broad axe (vamp)
rCold   . . .        M - +2 kite shield
rNeg    . . .        F - +13 crystal plate armour of the Lute {Str+3}
rPois   .            J - +2 hat
rElec   .            l - +0 cloak
rCorr   .            s - +2 pair of gloves
SInv    .            c - +2 pair of boots
Will    ++...        j - amulet of regeneration Stlth
                     p - +4 ring of protection
HPRegen 1.22/turn    m - ring of willpower
MPRegen 0.19/turn

%: no passive effects
@: paralysed, heroic, studying Earth Magic, heavily drained
A: horns 2, retaliatory headbutt, thin skeletal structure 1
}: 2/15 runes: serpentine, barnacled
a: Renounce Religion, Heroism, Finesse, Duel


You were on level 1 of the Depths.
You worshipped Okawaru.
Okawaru was extremely pleased with you.
You visited 7 branches of the dungeon, and saw 32 of its levels.

You collected 2782 gold pieces.
You spent 1325 gold pieces at shops.

Inventory:

Hand Weapons
 a - a +6 vampiric broad axe (weapon)
   (Okawaru gifted it to you on level 3 of the Lair of Beasts)
Missiles
 x - 4 throwing nets (quivered)
Armour
 c - a +2 pair of boots (worn)
   (You found it on level 11 of the Dungeon)
 l - a +0 cloak (worn)
   (You found it on level 2 of the Dungeon)
 s - a +2 pair of gloves (worn)
   (You found it on level 3 of the Dungeon)
 F - the +13 crystal plate armour of the Lute (worn) {Str+3}
   (Okawaru gifted it to you on level 3 of the Lair of Beasts)

   Str+3:     It affects your strength (+3).
 J - a +2 hat (worn)
   (You found it on level 2 of the Shoals)
 M - a +2 kite shield (worn)
   (You took it off a naga warrior on level 3 of the Snake Pit)
Jewellery
 j - an amulet of regeneration (around neck)
   (You took it off an orc on level 3 of the Dungeon)
 k - a ring of resist corrosion
   (You found it on level 10 of the Dungeon)
 m - a ring of willpower (right hand)
   (You took it off a naga on level 1 of the Snake Pit)
 p - a +4 ring of protection (left hand)
   (You found it on level 6 of the Dungeon)
 K - a +4 ring of protection
   (You found it on level 2 of the Shoals)
Wands
 g - a wand of digging (8)
   (You found it on level 4 of the Lair of Beasts)
 v - a wand of iceblast (4)
   (You found it on level 9 of the Dungeon)
 C - a wand of mindburst (31)
   (You found it on level 10 of the Dungeon)
 E - a wand of light (18)
   (You found it on level 9 of the Dungeon)
Scrolls
 b - a scroll of enchant armour
 r - 13 scrolls of identify
 t - 3 scrolls of teleportation
 y - 4 scrolls of revelation
 z - 2 scrolls of blinking
 D - 3 scrolls of fog
 G - 6 scrolls of vulnerability
 H - 2 scrolls of immolation
 L - 2 scrolls of fear
Potions
 d - 5 potions of might
 e - 3 potions of berserk rage
 f - a potion of ambrosia
 h - 4 potions of haste
 n - 2 potions of resistance
 o - a potion of enlightenment
 q - 6 potions of curing
 u - a potion of lignification
 w - 7 potions of heal wounds
 A - 4 potions of cancellation
 B - 4 potions of mutation
 I - a potion of magic
Miscellaneous
 i - a lightning rod (4/4)
   (You found it on level 1 of the Lair of Beasts)


   Skills:
 * Level 20.5(25.5) Fighting
 - Level 18.0(23.0) Axes
 * Level 18.0(23.0) Armour
 + Level 13.5(18.5) Shields
 - Level 12.0 Invocations


You had 16 spell levels left.
You didn't know any spells.
Your spell library contained the following spells:

 Spells                   Type           Power      Damage    Failure   Level
 Magic Dart               Conj           0%         1d3       99%         1
 Shock                    Conj/Air       0%         1d3       99%         1
 Blink                    Tloc           0%         N/A       100%        2
 Cigotuvi's Dreadful Rot  Necr/Alch/Air  0%         N/A       100%        2
 Lesser Beckoning         Tloc           0%         N/A       100%        2
 Mercury Vapours          Alch/Air       0%         N/A       100%        2
 Momentum Strike          Conj/Tloc      0%         3d8       100%        2
 Frozen Ramparts          Ice            0%         1d1       100%        3
 Gell's Gravitas          Tloc           0%         N/A       100%        3
 Hailstorm                Conj/Ice       0%         3d5       100%        3
 Inner Flame              Hex/Fire       0%         N/A       100%        3
 Mephitic Cloud           Conj/Alch/Air  0%         N/A       100%        3
 Swiftness                Air            0%         N/A       100%        3
 Teleport Other           Tloc           0%         N/A       100%        3
 Airstrike                Air            0%         2d(0-16)  100%        4
 Cause Fear               Hex            0%         N/A       100%        4
 Flame Wave               Conj/Fire      0%         2d4       100%        4
 Ignite Poison            Fire/Alch      0%         N/A       100%        4
 Leda's Liquefaction      Alch/Erth      0%         N/A       100%        4
 Petrify                  Alch/Erth      0%         N/A       100%        4
 Sticky Flame             Fire/Alch      0%         2d4       100%        4
 Alistair's Intoxication  Alch           0%         N/A       100%        5
 Borgnjor's Vile Clutch   Necr/Erth      0%         N/A       100%        5
 Fireball                 Conj/Fire      0%         3d3       100%        5
 Freezing Cloud           Conj/Ice/Air   0%         6-21      100%        5
 Lee's Rapid Deconstruct  Erth           0%         3d4*      100%        5
 Metabolic Englaciation   Hex/Ice        0%         N/A       100%        5
 Bombard                  Conj/Erth      0%         9d1       100%        6
 Eringya's Noxious Bog    Alch           0%         4d6       100%        6
 Call Imp                 Summ           Unusable   N/A       N/A         2
 Summon Ice Beast         Ice/Summ       Unusable   N/A       N/A         3
 Animate Armour           Summ/Erth      Unusable   N/A       N/A         4
 Summon Lightning Spire   Summ/Air       Unusable   N/A       N/A         4
 Sculpt Simulacrum        Ice/Alch       Unusable   N/A       N/A         6
 Dragon's Call            Summ           Unusable   N/A       N/A         9

Dungeon Overview and Level Annotations

Branches:
Dungeon (15/15)            Temple (1/1) D:6            Lair (5/5) D:10
 Shoals (4/4) Lair:2        Snake (4/4) Lair:3        Slime (0/5) Lair:5
    Orc (2/2) D:12            Elf (0/3) Orc:2        Vaults (0/5) D:13
 Depths (1/4) D:15

Altars:
Ashenzari
Cheibriados
Dithmenos
Elyvilon
Fedhas
Gozag
Hepliaklqana
Kikubaaqudgha
Makhleb
Nemelex Xobeh
Okawaru
Qazlal
Ru
Sif Muna
Trog
Uskayaw
Vehumet
Wu Jian
Xom
Yredelemnul
Zin
The Shining One

Shops:
Orc:2 **!:   Shoals:2 !   Snake:2 :   Snake:4 (

Portals:
Trove: D:10 (give 13 potions of heal wounds)


Innate Abilities, Weirdness & Mutations

You have a pair of horns on your head.
You reflexively headbutt those who attack you in melee.
You have a somewhat thin skeletal structure. (Dex +2, Stealth+)


Message History

You feel drained.
The dread lich touches you but does no damage.
The shadow dragon breathes negative energy at you.
The bolt of negative energy hits the shadow dragon.
The shadow dragon completely resists.
The bolt of negative energy hits the dread lich.
The dread lich completely resists.
The bolt of negative energy hits you!!
You feel drained.
There is an open door here.
There are monsters nearby!
There are monsters nearby!
You closely miss the dread lich. Your headbutt misses the dread lich.
You miss the spriggan defender zombie.
The spriggan defender zombie hits you but does no damage.
You hit the dread lich.
The dread lich is lightly damaged.
You miss the spriggan defender zombie. The spriggan defender zombie hits you.
The dread lich touches you but does no damage.
The spriggan defender zombie hits you but does no damage.
You hit the dread lich but do no damage.
Your headbutt misses the dread lich.
The dread lich is lightly damaged.
You closely miss the spriggan defender zombie.
You block the dread lich's attack.
You slice the dread lich!!
You headbutt the dread lich, but do no damage.
The dread lich is moderately damaged.
You slash the spriggan defender zombie!
You block the spriggan defender zombie's attack.
The dread lich casts a spell at you.
You struggle to resist.
A skeletal warrior comes into view. It is wielding a +0 battleaxe.
The deep elf death mage beckons forth restless souls!
You gain the combat prowess of a mighty hero.
You block the dread lich's attack.
You hit the dread lich but do no damage.
You headbutt the dread lich, but do no damage.
The dread lich is moderately damaged.
You slash the dread lich!
You headbutt the dread lich, but do no damage.
The dread lich is moderately damaged.
You block the dread lich's attack.
You hit the dread lich.
The dread lich is moderately damaged.
The dread lich touches you but does no damage.
You slice the dread lich!! Your headbutt misses the dread lich.
The dread lich is severely damaged.
The dread lich casts a spell.
The dread lich seems to speed up.
You hit the dread lich but do no damage.
Your headbutt misses the dread lich.
The dread lich is severely damaged.
The dread lich casts a spell at you.
You struggle to resist.
You slash the dread lich! You headbutt the dread lich.
The dread lich is almost destroyed.
You block the dread lich's attack.
You slash the dread lich!
The dread lich is almost destroyed.
The necromancer casts a spell.
The necromancer binds the souls of nearby monsters.
The dread lich mumbles some strange words.
The shadow dragon breathes negative energy at you.
The bolt of negative energy hits the dread lich.
The dread lich completely resists.
The bolt of negative energy misses you.
You barely miss the dread lich.
The dread lich is almost destroyed.
The dread lich touches you!
You feel drained.
You hit the dread lich but do no damage.
The dread lich is almost destroyed.
The dread lich touches you but does no damage.
The Ice Fiend calls on the powers of darkness!
The deep elf death mage convulses!
The shadow dragon convulses!
Your body is wracked with pain!
The shadow dragon convulses!
The necromancer convulses!
You slice the dread lich!!
The dread lich is no longer moving quickly.
Something sacrifices itself to reknit the dread lich!
You headbutt the dread lich, but do no damage.
The necromancer gestures at you while chanting.
The bolt of negative energy hits the soul eater.
The soul eater completely resists.
The bolt of negative energy hits the shadow dragon.
The shadow dragon completely resists.
The bolt of negative energy misses the dread lich.
The bolt of negative energy misses you.
The dread lich gestures at you while chanting.
You suddenly lose the ability to move!
A flayed ghost comes into view.
The dread lich touches you.
You feel drained.
The shadow dragon breathes negative energy at you.
The bolt of negative energy hits the dread lich.
The dread lich completely resists.
The bolt of negative energy hits you!!
You feel drained.
* * * LOW HITPOINT WARNING * * *
The deep elf death mage gestures at you while chanting.
The bolt of negative energy hits the dread lich.
The dread lich completely resists.
The bolt of negative energy hits you!!
You feel drained.
You die...

#.# #.# #.# #####+#
##.# ....... #..#
....... #)## .......
########.###### .Z...>.
.........()...##e1.....
########.####.@LDzZ....
#.#######D3z.... #.##
#.......#.#p#### #..###
#######.#D# W. #....#
#.#e# ..#
#....###########.#C# z#
#................#*# '#
#............#####z3z
########.....# #..ep


You could see 2 shadow dragons, a dread lich, an Ice Fiend (summoned), a deep
elf death mage (soul bound), 2 skeletal warriors, a soul eater, a flayed ghost,
a necromancer, a spriggan defender zombie and a tengu reaver skeleton.

Vanquished Creatures
  Kirke (D:15)
  6 nagarajas (Snake:4)
  An orc warlord (Orc:1)
  2 stone giants
  Josephine (D:12)
  4 merfolk impalers (Shoals:4)
  2 ettins
  Snorg (Orc:2)
  6 merfolk javelineers (Shoals:4)
  9 hydras
  An ice dragon (Depths:1)
  A rakshasa (Depths:1)
  Harold (D:10)
  2 salamander tyrants (Snake:4)
  3 anacondas
  2 ogre magi (Orc:2)
  4 merfolk avatars (Shoals:4)
  An alligator snapping turtle (Shoals:4)
  6 centaur warriors
  2 satyrs
  2 merfolk aquamancers (Shoals:4)
  A death knight (D:13)
  3 boulder beetles
  2 catoblepae
  A tengu warrior (D:15)
  9 two-headed ogres
  7 death yaks
  8 naga warriors
  2 hell hogs (Lair:5)
  10 naga sharpshooters
  3 shock serpents
  2 sea snakes
  5 mana vipers
  A skyshark (Shoals:3)
  7 skeletal warriors
  3 deep trolls
  2 arcanists (D:13)
  A lindwurm (Lair:5)
  9 harpies
  3 naga ritualists
  2 necromancers
  An orc knight (D:13)
  3 deep elf pyromancers
  12 fauns
  5 ugly things
  4 cyclopes
  8 manticores
  An orc sorcerer (Arena)
  9 merfolk sirens
  6 kobold blastminers
  5 guardian serpents
  5 salamanders
  23 black mambas
  2 gargoyles (D:13)
  10 elephants (Lair:3)
  13 naga magi
  3 molten gargoyles (Lair:5)
  4 cane toads
  A water nymph (Shoals:4)
  Jeremiah (D:9)
  A rime drake (Lair:3)
  An efreet (D:15)
  2 freezing wraiths (D:14)
  5 komodo dragons
  A tengu conjurer (D:15)
  6 polar bears
  7 merfolk
  14 trolls
  7 blink frogs
  3 wind drakes (Shoals:4)
  A hornet (shapeshifter) (D:14)
  5 snapping turtles
  A shadow (D:9)
  3 wraiths (D:12)
  9 wyverns
  A water elemental (Shoals:4)
  2 wargs (Orc:1)
  5 basilisks
  39 yaks
  A steam dragon (Lair:5)
  3 humans (D:15)
  4 vampire mosquitoes (D:12)
  23 nagas
  3 hell hounds (Lair:5)
  2 swamp worms (Lair:1)
  An acid dragon (D:12)
  14 water moccasins
  16 orc warriors
  A sky beast (D:6)
  2 black bears
  An ice beast (D:7)
  21 ogres
  8 wolves
  11 centaurs
  4 phantoms
  6 bullfrogs
  3 kobold brigands
  2 gnoll sergeants
  2 scorpions
  17 wights
  20 killer bees
  A howler monkey (D:5)
  2 electric eels (Lair:1)
  4 lava snakes (Lair:5)
  A bombardier beetle (D:5)
  A jelly (D:6)
  14 orc priests
  2 hounds
  A sleepcap (D:5)
  4 iguanas
  Natasha (thrice) (D:3)
  28 orc wizards
  10 adders
  16 gnolls
  A shadow imp (D:6)
  A white imp (D:6)
  2 ribbon worms (D:3)
  4 dart slugs
  59 orcs
  6 ball pythons
  7 endoplasms
  3 giant cockroaches
  6 goblins
  4 hobgoblins
  2 jackals (D:4)
  22 kobolds
  4 quokkas
  5 bats
  7 frilled lizards
  3 rats
  A spectral weapon (Shoals:2)
757 creatures vanquished.

Vanquished Creatures (others)
  An orc wizard (Orc:2)
1 creature vanquished.

Grand Total: 758 creatures vanquished

Notes
Turn   | Place    | Note
-------+----------+-------------------------------------------
     0 | D:1      | Flugslaktarn the Minotaur Fighter began the quest for the
                  | Orb.
     0 | D:1      | Reached XP level 1. HP: 19/19 MP: 0/0
    87 | D:1      | Reached XP level 2. HP: 24/27 MP: 1/1
   145 | D:1      | Reached skill level 4 in Fighting
   278 | D:1      | Found Romon's Distillery.
   723 | D:2      | Reached XP level 3. HP: 31/33 MP: 2/2
   811 | D:2      | Reached XP level 4. HP: 24/41 MP: 3/3
  1714 | D:3      | Reached skill level 5 in Fighting
  1863 | D:3      | Noticed Natasha
  1871 | D:3      | Killed Natasha
  1872 | D:3      | Reached XP level 5. HP: 43/48 MP: 4/4
  1943 | D:3      | Noticed Natasha
  1955 | D:3      | Killed Natasha
  2120 | D:3      | Noticed Natasha
  2131 | D:3      | Killed Natasha
  3055 | D:4      | Noticed a black bear
  3066 | D:4      | Reached XP level 6. HP: 36/56 MP: 5/5
  3073 | D:4      | Reached skill level 5 in Axes
  3077 | D:4      | Reached skill level 6 in Fighting
  3214 | D:4      | Reached skill level 5 in Shields
  3219 | D:4      | Reached skill level 5 in Armour
  3340 | D:4      | Reached XP level 7. HP: 45/64 MP: 6/6
  4032 | D:5      | Entered Level 5 of the Dungeon
  4179 | D:5      | Reached skill level 7 in Fighting
  4774 | D:5      | Reached XP level 8. HP: 64/73 MP: 7/7
  5199 | D:5      | Found a shimmering blue altar of Sif Muna.
  5235 | D:5      | Found a hide-covered altar of Uskayaw.
  5246 | D:5      | Reached skill level 8 in Fighting
  5639 | D:6      | Gained mutation: You have a somewhat thin skeletal
                  | structure. (Dex +2, Stealth+) [potion of mutation]
  5703 | D:6      | Found a staircase to the Ecumenical Temple.
  5775 | Temple   | Entered the Ecumenical Temple
  5832 | Temple   | Became a worshipper of Warmaster Okawaru
  6850 | D:6      | Reached skill level 9 in Fighting
  6852 | D:6      | Reached XP level 9. HP: 18/83 MP: 8/8
  6920 | D:6      | Reached * piety under Okawaru
  8408 | D:8      | Reached skill level 10 in Fighting
  8666 | D:8      | Reached ** piety under Okawaru
  8667 | D:8      | Reached skill level 10 in Axes
  8877 | D:9      | Reached XP level 10. HP: 87/94 MP: 9/9
  8921 | D:9      | Noticed Jeremiah
  8958 | D:9      | Killed Jeremiah
  8959 | D:9      | Reached skill level 11 in Fighting
  9005 | D:9      | Reached *** piety under Okawaru
  9632 | D:10     | Entered Level 10 of the Dungeon
  9651 | D:10     | Found a staircase to the Lair.
  9670 | D:10     | Noticed Harold
  9693 | D:10     | Killed Harold
  9693 | D:10     | Reached **** piety under Okawaru
  9694 | D:10     | Reached skill level 12 in Fighting
  9933 | D:10     | Reached ***** piety under Okawaru
 10406 | D:10     | Reached XP level 11. HP: 95/105 MP: 10/10
 10453 | D:10     | Found a portal to a secret trove of treasure.
 11443 | D:11     | Reached skill level 13 in Fighting
 11444 | D:11     | Reached skill level 1 in Invocations
 11815 | Lair:1   | Entered Level 1 of the Lair of Beasts
 13045 | Lair:1   | Received a gift from Okawaru
 13178 | Lair:2   | Reached skill level 10 in Armour
 13233 | Lair:2   | Identified the +1 robe of Hebuj {rPois Int+3 SInv}
 13730 | Lair:2   | Found a staircase to the Shoals.
 13756 | Lair:2   | Reached skill level 14 in Fighting
 13767 | Lair:2   | Reached XP level 12. HP: 90/117 MP: 14/14
 14132 | Lair:3   | Received a gift from Okawaru
 14142 | Lair:3   | Reached skill level 5 in Invocations
 14264 | Lair:3   | Found a hide-covered altar of Uskayaw.
 14265 | Lair:3   | Noticed a boulder beetle
 14267 | Lair:3   | Found an ornate altar of the Wu Jian Council.
 14288 | Lair:3   | Killed a boulder beetle
 14338 | Lair:3   | Noticed a seven-headed hydra
 14346 | Lair:3   | Killed a nine-headed hydra
 14478 | Lair:3   | Noticed a death yak
 14479 | Lair:3   | Noticed a death yak
 14491 | Lair:3   | Killed a death yak
 14494 | Lair:3   | Killed a death yak
 14494 | Lair:3   | Reached ****** piety under Okawaru
 14495 | Lair:3   | Noticed a death yak
 14504 | Lair:3   | Killed a death yak
 14507 | Lair:3   | Acquired the +13 crystal plate armour of the Lute {Str+3}
 14507 | Lair:3   | Received a gift from Okawaru
 14519 | Lair:3   | Acquired a +2 vampiric broad axe
 14519 | Lair:3   | Received a gift from Okawaru
 14562 | Lair:3   | Received a gift from Okawaru
 14601 | Lair:3   | Reached skill level 15 in Fighting
 14860 | Lair:3   | Found a staircase to the Snake Pit.
 16247 | Lair:5   | Entered Level 5 of the Lair of Beasts
 16250 | Lair:5   | Reached skill level 15 in Axes
 16250 | Lair:5   | Reached XP level 13. HP: 127/127 MP: 17/17
 16260 | Lair:5   | Received a gift from Okawaru
 16522 | Lair:5   | Found a staircase to the Slime Pits.
 17212 | Lair:5   | Reached skill level 10 in Shields
 17219 | Lair:5   | Received a gift from Okawaru
 17371 | Lair:5   | Found a large runed translucent door.
 17371 | Lair:5   | Found a large runed translucent door.
 17592 | Lair:5   | Reached skill level 16 in Fighting
 17593 | Lair:5   | Received a gift from Okawaru
 17980 | Lair:5   | Identified the amulet "Buasuver" {Faith *Corrode Str+7}
 18345 | D:12     | Noticed Josephine
 18355 | D:12     | Killed Josephine
 18623 | D:12     | Received a gift from Okawaru
 18632 | D:12     | Reached XP level 14. HP: 101/137 MP: 19/19
 18692 | D:12     | Found a staircase to the Orcish Mines.
 18724 | Orc:1    | Entered Level 1 of the Orcish Mines
 19020 | Orc:2    | Entered Level 2 of the Orcish Mines
 19020 | Orc:2    | Found a staircase to the Elven Halls.
 19052 | Arena    | Entered the Arena
 19219 | Orc:2    | Noticed Snorg
 19236 | Orc:2    | Killed Snorg
 19482 | Orc:2    | Received a gift from Okawaru
 19507 | Orc:2    | Found Ytomyal's Distillery.
 19522 | Orc:2    | Received a gift from Okawaru
 19526 | Orc:2    | Found Vunec's Book Boutique.
 19534 | Orc:2    | Found Qeiwk's General Store.
 19565 | Orc:2    | Bought 2 potions of heal wounds for 140 gold pieces
 19565 | Orc:2    | Bought a potion of might for 56 gold pieces
 19565 | Orc:2    | Bought a potion of magic for 112 gold pieces
 19567 | Orc:2    | Found Xasugief's General Store.
 19571 | Orc:2    | Bought a scroll of enchant weapon for 105 gold pieces
 19571 | Orc:2    | Bought a potion of haste for 140 gold pieces
 19571 | Orc:2    | Bought a potion of haste for 140 gold pieces
 19576 | Orc:2    | Bought a potion of heal wounds for 70 gold pieces
 19576 | Orc:2    | Bought a potion of cancellation for 112 gold pieces
 19977 | Orc:1    | Noticed an orc warlord
 19998 | Orc:1    | Reached skill level 17 in Fighting
 20018 | Orc:1    | Killed an orc warlord
 20374 | Snake:1  | Entered Level 1 of the Snake Pit
 20505 | Snake:1  | Reached skill level 10 in Invocations
 20506 | Snake:1  | Received a gift from Okawaru
 21200 | Snake:2  | Received a gift from Okawaru
 21263 | Snake:2  | Reached XP level 15. HP: 132/147 MP: 21/21
 21347 | Snake:2  | Found a sacrificial altar of Ru.
 21441 | Snake:2  | Found Kiehuit's Book Shoppe.
 21898 | Snake:3  | Received a gift from Okawaru
 22102 | Snake:4  | Entered Level 4 of the Snake Pit
 22252 | Snake:4  | Found Teadwa Ider's Antique Weapon Shoppe.
 22378 | Snake:4  | Noticed a nagaraja
 22378 | Snake:4  | Noticed a nagaraja
 22379 | Snake:4  | Noticed a nagaraja
 22446 | Snake:4  | Killed a nagaraja
 22591 | Snake:4  | Noticed a nagaraja
 22615 | Snake:4  | Killed a nagaraja
 22720 | Snake:4  | Noticed a nagaraja
 22733 | Snake:4  | Killed a nagaraja
 22733 | Snake:4  | Received a gift from Okawaru
 22753 | Snake:4  | Reached skill level 18 in Fighting
 22811 | Snake:4  | Noticed a nagaraja
 22820 | Snake:4  | Killed a nagaraja
 22821 | Snake:4  | Reached skill level 15 in Armour
 22890 | Snake:4  | Killed a nagaraja
 22905 | Snake:4  | Killed a nagaraja
 23054 | Snake:4  | Got a serpentine rune of Zot
 23446 | Shoals:1 | Entered Level 1 of the Shoals
 23533 | Shoals:2 | Received a gift from Okawaru
 23573 | Shoals:2 | Found Xofup's Distillery.
 23582 | Shoals:2 | Bought a potion of curing for 45 gold pieces
 23582 | Shoals:2 | Bought a potion of curing for 45 gold pieces
 23582 | Shoals:2 | Bought 2 potions of curing for 90 gold pieces
 23582 | Shoals:2 | Bought a potion of cancellation for 120 gold pieces
 23582 | Shoals:2 | Bought a potion of heal wounds for 75 gold pieces
 23582 | Shoals:2 | Bought a potion of heal wounds for 75 gold pieces
 23682 | Shoals:2 | Reached XP level 16. HP: 159/159 MP: 23/23
 23771 | Shoals:4 | Entered Level 4 of the Shoals
 23983 | Shoals:3 | Reached skill level 19 in Fighting
 24184 | Shoals:4 | Received a gift from Okawaru
 24658 | Shoals:4 | Got an azure gem with 539 turns to spare
 24660 | Shoals:4 | Got a barnacled rune of Zot
 24675 | Shoals:4 | Received a gift from Okawaru
 25093 | D:13     | Found the +6 shillelagh "Devastator" {shatter}
 25979 | D:13     | Reached skill level 20 in Fighting
 26131 | D:13     | Found a gate to the Vaults.
 26388 | D:14     | Received a gift from Okawaru
 26698 | D:14     | Found a sacrificial altar of Ru.
 27002 | D:15     | Entered Level 15 of the Dungeon
 27050 | D:15     | Noticed Kirke
 27061 | D:15     | Killed Kirke
 27062 | D:15     | Reached XP level 17. HP: 171/171 MP: 25/25
 27085 | D:15     | Found a staircase to the Depths.
 27090 | Depths:1 | Entered Level 1 of the Depths
 27275 | Depths:1 | Noticed a dread lich
 27293 | Depths:1 | Received a gift from Okawaru
 27347 | Depths:1 | Noticed an Ice Fiend
 27349 | Depths:1 | Paralysed by a dread lich for 5 turns
 27351 | Depths:1 | Killed from afar by a deep elf death mage

Illustrated notes

Levels and vault maps discovered:
D:1:      minmay_arrival_stone_box, layout_basic, serial_shops, shop,
          serial_glass, glass_columns_a, glass_columns_a
D:2:      layout_basic, serial_bayou_ford_a, minmay_pentomino_pile
D:3:      layout_loops_corners, kennysheep_cross_room, uniq_natasha
D:4:      layout_basic
D:5:      nicolae_cairo_tiling, layout_loops_ring, jmf_multi_god_temple2
D:6:      layout_basic, temple_fountains, serial_library_hellmonk_metal_room
D:7:      layout_basic
D:8:      layout_basic
D:9:      layout_loops_ring, uniq_jeremiah
D:10:     layout_irregular_city, lair_entry_dummy, nicolae_trove_entry_columns,
          nicolae_concentric_dashed_squares_mild, uniq_harold
D:11:     layout_stronghold
D:12:     layout_basic, uniq_josephine
D:13:     minmay_roctagon, layout_loops_ring, david_vaults_1
D:14:     layout_long_grid, nicolae_ru_path_of_blood
D:15:     hangedman_depths_entry_civil_slaughter, layout_layer_cave,
          hangedman_decor_diamond_cutter, uniq_kirke, uniq_azrael, uniq_roxanne
Temple:   mainiacjoe_temple_cubbyholes
Lair:1:   layout_cave_pods, chequers_serial_rivers_micro_a, worms_lemuel,
          serial_bayou_shore_a
Lair:2:   layout_cellular_growth, elwin_shoals_entry_stream, evilmike_ambush
          [evilmike_ambush_outer_basic, evilmike_ambush_inner_basic]
Lair:3:   layout_gridlike, nicolae_snake_entry_squirm,
          nzn_masters_of_martial_movement
Lair:4:   layout_long_grid, serial_bayou_crossing, infiniplex_staircase_pool
Lair:5:   cheibrodos_lair_end_hotspot, layout_cave_pods, slime_entry_1
Shoals:1: layout_shoals, serial_shops, shop_scrolls
Shoals:2: layout_shoals, serial_shops, shop, nicolae_shop_peninsula,
          hangedman_shoals_cup_caves
Shoals:3: layout_shoals, yaktaur_hedge
Shoals:4: shoals_end_hangedman, layout_shoals,
          nicolae_shoals_nautilus_by_nature, nicolae_shoals_songs
Snake:1:  layout_cave_pods, nicolae_letterblocks [nicolae_letter_subblock,
          nicolae_letter_subblock, nicolae_letter_subblock,
          nicolae_letter_subblock, nicolae_letter_subblock,
          nicolae_letter_subblock, nicolae_letter_subblock,
          nicolae_letter_subblock, nicolae_letter_subblock,
          nicolae_letter_subblock, nicolae_letter_subblock,
          nicolae_letter_subblock, nicolae_letter_subblock,
          nicolae_letter_subblock, nicolae_letter_subblock,
          nicolae_letter_subblock, nicolae_letter_subblock,
          nicolae_letter_subblock, nicolae_letter_subblock,
          nicolae_letter_subblock, nicolae_letter_subblock,
          nicolae_letter_subblock, nicolae_letter_subblock,
          nicolae_letter_subblock, nicolae_letter_subblock], grunt_megastairs_1,
          uniq_aizul
Snake:2:  layout_grid_maze, basic_altar, serial_shops,
          nicolae_shop_hallway_stairs
Snake:3:  layout_chambers
Snake:4:  grunt_snake_rune_spirals, layout_onion_interference, serial_shops,
          shop
Orc:1:    layout_caves
Orc:2:    st_orc_open, layout_diamond_mine, uniq_snorg
Depths:1: layout_roguey [special_room_morgue], serial_co_window_serial,
          co_window_paths_a, co_window_corner_a, co_window_of_opportunity_a,
          co_window_paths_a, co_window_corner_a, co_window_2corner,
          co_window_unsneaky_path_c, co_window_of_opportunity_c,
          co_window_of_opportunity_c, co_window_broadway_b,
          co_window_of_opportunity_c, co_window_corner_cb, glass_columns_a,
          glass_columns_b, grunt_hell_entry_dis_old,
          minmay_fractal_squares_diagonal_5

Skill      XL: |  1  2  3  4  5  6  7  8  9 10 11 12 13 14 15 16 17 |
---------------+----------------------------------------------------+-----
Fighting       | 4 5 6 7 9 10 12 14 15 16 17 18 20 | 20.5
Axes           | 3 4 5 6 8 10 12 13 15 16 17 18 | 18.0
Shields        | 4 5 6 7 8 9 10 11 12 13 | 13.5
Armour         | 4 5 6 7 9 10 11 12 14 15 17 18 | 18.0
Invocations    | 4 7 8 10 11 12 | 12.0

Action                     |  1- 3 |  4- 6 |  7- 9 | 10-12 | 13-15 | 16-18 || total
---------------------------+-------+-------+-------+-------+-------+-------++-------
  Melee: War axe           |    52 |   159 |   264 |   430 |       |       ||   905
         Headbutt          |     8 |    14 |    49 |   125 |   236 |   120 ||   552
         Battleaxe         |       |       |    45 |    11 |       |       ||    56
         Broad axe         |       |       |       |    92 |   944 |   480 ||  1516
 Invoke: Heroism           |       |       |       |     1 |    10 |     6 ||    17
         Receive Weapon    |       |       |       |     1 |       |       ||     1
         Receive Armour    |       |       |       |     1 |       |       ||     1
         Finesse           |       |       |       |       |     3 |     1 ||     4
         Duel              |       |       |       |       |     1 |       ||     1
  Evoke: Lightning rod     |       |       |       |     4 |       |     2 ||     6
    Use: Scroll            |     1 |       |    18 |     7 |     7 |     1 ||    34
         Potion            |       |       |     2 |       |     3 |     3 ||     8
 Armour: Scale mail        |     9 |       |       |       |       |       ||     9
         Chain mail        |     6 |       |       |       |       |       ||     6
         Plate armour      |    23 |   167 |   384 |   404 |       |       ||   978
         Crystal plate arm |       |       |       |   101 |  1086 |   393 ||  1580
  Dodge: Dodged            |    29 |    57 |   132 |   136 |   213 |    85 ||   652
  Block: Buckler           |    10 |    41 |    94 |    34 |       |       ||   179
         Kite shield       |       |       |       |   250 |   664 |   326 ||  1240

Table legend: (Time is in decaauts)
 A = Elapsed time spent in this place.
 B = Non-inter-level travel time spent in this place.
 C = Inter-level travel time spent in this place.
 D = Time resting spent in this place.
 E = Time spent auto-exploring this place.
 F = Levels seen in this place.
 G = Mean time per level.
                   A        B        C        D        E       F      G
               +--------+--------+--------+--------+--------+-----+--------+
         Total |  27340 |  25374 |   1966 |   1606 |  19102 |  33 |  828.5 |
       Dungeon |  14704 |  13956 |    748 |    734 |  11084 |  15 |  980.3 |
        Temple |    112 |      2 |    110 |      0 |      0 |   1 |  112.0 |
          Lair |   6545 |   6011 |    534 |    159 |   4947 |   5 | 1309.0 |
        Shoals |   1431 |   1245 |    186 |     71 |    623 |   4 |  357.8 |
     Snake Pit |   2915 |   2631 |    284 |    624 |   1257 |   4 |  728.8 |
  Orcish Mines |   1361 |   1260 |    101 |      8 |    997 |   2 |  680.5 |
        Depths |    251 |    251 |      0 |      0 |    193 |   1 |  251.0 |
         Arena |     18 |     18 |      0 |      9 |      0 |   1 |   18.0 |
               +--------+--------+--------+--------+--------+-----+--------+

Top non-repeatable levels by time:
  Lair:5: 1767 daAuts
     D:5: 1479 daAuts
  Lair:1: 1400 daAuts
    D:10: 1340 daAuts
  Lair:3: 1284 daAuts
     D:3: 1246 daAuts
     D:8: 1222 daAuts
    D:13: 1132 daAuts
     D:4: 1129 daAuts
     D:6: 1112 daAuts
  Lair:2: 1106 daAuts
     D:2: 1027 daAuts
 Snake:4: 988 daAuts
  Lair:4: 985 daAuts
     D:9: 973 daAuts
